 Dungeon Crawl Stone Soup version 0.30.0-18-gc0e69614cb (webtiles) character file.

Game seed: 6788206532381446164

1565 ChrisAssaf the Firebug (level 8, 0/59 (61) HPs)
             Began as a Green Draconian Fire Elementalist on May 24, 2023.
             Was a Follower of Uskayaw.
             Slain by a wight
             ... wielding a +3 dire flail of freezing
              (6 damage)
             ... on level 7 of the Dungeon.
             The game lasted 00:24:29 (6762 turns).

ChrisAssaf the Firebug (DrFE)                       Turns: 6762, Time: 00:24:29

HP:   0/59 (61)     AC:  9    Str: 12    XL:     8   Next: 59%
MP:   14/14         EV: 13    Int: 17    God:    Uskayaw [*.....]
Gold: 354           SH:  0    Dex: 16    Spells: 1/16 levels left

rFire   + + .        c - +3 Elemental Staff {rElec rF+ rC+ AC+3}
rCold   . . .        (no shield)
rNeg    . . .        (body armour unavailable)
rPois   +            (helmet restricted)
rElec   +            (no cloak)
rCorr   .            (no gloves)
SInv    .            (no boots)
Will    .....        o - amulet of Butewael {Regen+ Dex+5}
Stlth   +            j - ring of fire
HPRegen 1.09/turn    (no ring)
MPRegen 0.14/turn

%: no passive effects
@: confused, ambrosia-drunk, slowed, lightly drained, very slow
A: breathe noxious fumes, AC +6, unfitting armour, poison resistance,
cold-blooded
a: Breathe Noxious Fumes, Renounce Religion, Stomp


You were on level 7 of the Dungeon.
You worshipped Uskayaw.
Uskayaw was noncommittal.
You visited 2 branches of the dungeon, and saw 8 of its levels.

You collected 354 gold pieces.

Inventory:

Hand Weapons
 c - the +3 Elemental Staff (weapon) {rElec rF+ rC+ AC+3}
   (You acquired it on level 4 of the Dungeon)

   It enhances your fire, ice, earth and air magic.
   AC:        It affects your AC (+3).
   rF:        It protects you from fire.
   rC:        It protects you from cold.
   rElec:     It insulates you from electricity.
Missiles
 k - 4 datura-tipped darts (quivered)
 l - 9 poisoned darts
Jewellery
 j - a ring of fire (left hand)
 o - the amulet of Butewael (around neck) {Regen+ Dex+5}
   (You found it on level 4 of the Dungeon)

   [amulet of regeneration]

   Dex:       It affects your dexterity (+5).
   Regen:     It increases your rate of health regeneration.
Wands
 f - a wand of flame (7)
 h - a wand of charming (11)
Scrolls
 a - 2 scrolls of immolation
 b - a scroll of enchant weapon
 m - 2 scrolls of torment {unknown}
 n - a scroll of enchant armour
 p - a scroll of magic mapping
 t - a scroll of amnesia
 w - a scroll of teleportation
 y - a scroll of fog
 z - 2 scrolls of blinking {unknown}
Potions
 d - 2 potions of might {unknown}
 e - 5 potions of heal wounds {unknown}
 g - a potion of mutation {unknown}
 i - 2 potions of ambrosia
 q - a potion of lignification {unknown}
 r - 3 potions of degeneration {unknown}
 v - a potion of haste {unknown}


   Skills:
 * Level 2.2 Fighting
 * Level 2.1 Staves
 * Level 1.8 Throwing
 * Level 3.0 Dodging
 * Level 3.6 Stealth
 * Level 4.6 Spellcasting
 * Level 3.0 Conjurations
 * Level 1.0 Hexes
 * Level 2.2 Summonings
 * Level 5.4 Fire Magic
 * Level 2.2 Air Magic
 * Level 2.7 Poison Magic
 * Level 1.1 Invocations
 * Level 2.0 Evocations


You had one spell level left.
You knew the following spells:

 Your Spells              Type           Power      Damage    Failure   Level
a - Foxfire               Conj/Fire      100%       2x1d9     2%          1
b - Scorch                Fire           100%       2d9       2%          2
c - Inner Flame           Hex/Fire       33%        N/A       12%         3
d - Call Imp              Summ           22%        N/A       9%          2
e - Olgreb's Toxic Radia  Pois           13%        N/A       43%         4
f - Frozen Ramparts       Ice            10%        1d2       41%         3

Your spell library contained the following spells:

 Spells                   Type           Power      Damage    Failure   Level
 Magic Dart               Conj           56%        1d5       4%          1
 Volatile Blastmotes      Fire/Tloc      58%        2d14      14%         3
 Mephitic Cloud           Conj/Pois/Air  19%        N/A       16%         3
 Ensorcelled Hibernation  Hex/Ice        16%        N/A       19%         2
 Swiftness                Air            17%        N/A       19%         3
 Passwall                 Tmut/Erth      4%         N/A       22%         2
 Flame Wave               Conj/Fire      41%        2d11      26%         4
 Ozocubu's Armour         Ice            5%         N/A       41%         3
 Summon Ice Beast         Ice/Summ       11%        N/A       67%         4
 Iskenderun's Battlesphe  Conj           14%        2d7       75%         5
 Ice Form                 Ice/Tmut       5%         N/A       83%         4
 Manifold Assault         Tloc           3%         N/A       83%         4
 Dispersal                Tloc           1%         N/A       100%        6
 Iron Shot                Conj/Erth      6%         9d2       100%        6
 Ozocubu's Refrigeration  Ice            2%         4d8       100%        7
 Spellforged Servitor     Conj/Summ      6%         N/A       100%        7
 Discord                  Hex            3%         N/A       100%        8
 Disjunction              Tloc           1%         N/A       100%        8
 Ignition                 Fire           25%        3d8       100%        8


Dungeon Overview and Level Annotations

Branches:
Dungeon (7/15)             Temple (1/1) D:6

Altars:
Ashenzari
Dithmenos
Kikubaaqudgha
Okawaru
Ru
Sif Muna
Trog
Uskayaw
Vehumet
Wu Jian
Yredelemnul

Annotations:
D:7 Pikel


Innate Abilities, Weirdness & Mutations

You can breathe blasts of noxious fumes.
Your lurid green scales are hard. (AC +6)
You cannot fit into any form of body armour.
Your system is resistant to poisons. (rPois)
You are cold-blooded and may be slowed by cold attacks.


Message History

Casting: Scorch (safe; 2% risk of failure)
Confirm with . or Enter, or press ? or * to list all spells.
You feel a strong surge of power!
Flames lash Pikel.
Pikel is moderately wounded.
Pikel's fire resistance burns away.
Pikel barely misses the wight.
The lemure hits you but does no damage.
The wight hits you from afar with a +0 spear.
* * * LOW HITPOINT WARNING * * *
Pikel hits the wight with a +2 whip of freezing!
The wight is destroyed!
Your Hexes skill increases to level 1!
Unknown command.
You are confused.
You feel invigorated. The wight closely misses you. The lemure hits you.
* * * LOW HITPOINT WARNING * * *
Pikel hits the lemure with a +2 whip of freezing!
Pikel freezes the lemure.
You're too confused to move!
Pikel is no longer moving quickly.
Pikel no longer looks unusually strong.
Pikel is no longer in an insane frenzy.
The lemure closely misses you. The wight closely misses you.
The lemure misses you.
Pikel zaps a wand.
Your will is overpowered!
You are more confused.
The now-empty wand crumbles to dust.
Pikel is no longer more vulnerable to fire.
The wight hits you with a +3 dire flail of freezing!
* * * LOW HITPOINT WARNING * * *
You feel yourself slow down. The wight freezes you!
* * * LOW HITPOINT WARNING * * *
Unknown command.
You're too confused to move!
The wight hits you with a +3 dire flail of freezing.
* * * LOW HITPOINT WARNING * * *
You feel drained.
* * * LOW HITPOINT WARNING * * *
You feel as though you will be slow longer.
The wight freezes you.
* * * LOW HITPOINT WARNING * * *
The lemure closely misses you.
The wight hits you with a +3 dire flail of freezing.
You die...

... #..................
.... #..)..........)....
.... #).................
.....#)..####.##....##..
....#
....#().#########'###..
....#
....)..............##..
....#
....#..............##..
....#
...>#K5z...............
....# ...
#.@................
....#
.....'..................
....#
.....#...##.####..####+#
....#
.....###########..#
....# .... #.....#
....########+## #.....#
.....#........# #.....#
.....#........# #.....#
.....#........# #.....#


You could see Pikel (slow), a lemure and a wight.

Vanquished Creatures
  Menkaure (D:7)
  A black bear (D:2)
  An ice beast (D:6)
  An orc warrior (D:7)
  3 ogres
  A gnoll sergeant (D:7)
  A scorpion (D:5)
  A wight (D:7)
  A bullfrog zombie (D:4)
  An orc priest (D:4)
  3 hounds (D:5)
  A jelly (D:5)
  3 orc wizards (D:4)
  A sleepcap (D:5)
  An iguana (D:6)
  2 hound zombies (D:4)
  Robin (D:2)
  7 gnolls
  9 adders
  2 white imps
  An ufetubus (D:5)
  An adder zombie (D:4)
  A worm (D:4)
  7 dart slugs
  7 orcs
  9 ball pythons
  7 bats
  5 endoplasms
  2 giant cockroaches
  13 goblins
  8 hobgoblins
  2 quokkas
  7 frilled lizards
  7 kobolds
  7 rats
126 creatures vanquished.

Vanquished Creatures (collateral kills)
  3 lemures (D:7)
  2 wights (D:7)
  A sleepcap (D:4)
  An orc (D:7)
7 creatures vanquished.

Vanquished Creatures (others)
  61 foxfires
61 creatures vanquished.

Grand Total: 194 creatures vanquished

Notes
Turn   | Place    | Note
-------+----------+-------------------------------------------
     0 | D:1      | ChrisAssaf the Draconian Fire Elementalist began the quest
                  | for the Orb.
     0 | D:1      | Reached XP level 1. HP: 14/14 MP: 3/3
   183 | D:1      | Reached XP level 2. HP: 20/20 MP: 3/5
   248 | D:2      | Learned a level 2 spell: Scorch
   523 | D:2      | Reached XP level 3. HP: 18/26 MP: 0/6
   845 | D:3      | Learned a level 3 spell: Mephitic Cloud
  1098 | D:3      | You fall into a shaft and drop 3 floors!
  1133 | D:5      | Entered Level 5 of the Dungeon
  1140 | D:5      | Reached XP level 4. HP: 33/33 MP: 1/7
  1424 | D:4      | Learned a level 2 spell: Call Imp
  1465 | D:4      | Reached XP level 5. HP: 38/38 MP: 5/9
  1549 | D:4      | Identified a scroll of acquirement
  1550 | D:4      | Acquired the +3 Elemental Staff {rElec rF+ rC+ AC+3}
  1550 | D:4      | Found the +3 Elemental Staff {rElec rF+ rC+ AC+3}
  1610 | D:4      | Noticed an ogre
  1616 | D:4      | Killed an ogre
  1617 | D:4      | Reached skill level 4 in Fire Magic
  1693 | D:4      | Found a basalt altar of Yredelemnul.
  1701 | D:4      | Reached skill level 1 in Poison Magic
  1708 | D:4      | Reached XP level 6. HP: 46/46 MP: 2/10
  1841 | D:4      | Reached skill level 1 in Air Magic
  1841 | D:4      | Reached skill level 1 in Evocations
  2034 | D:4      | Identified the amulet of Butewael {Regen+ Dex+5}
  2440 | D:5      | Reached skill level 1 in Fighting
  2440 | D:5      | Reached skill level 1 in Staves
  2485 | D:5      | Your scales start taking on a lurid green colour.
  2485 | D:5      | Reached XP level 7. HP: 52/52 MP: 0/12
  2485 | D:5      | Gained mutation: Your system is resistant to poisons.
                  | (rPois) [Green Draconian growth]
  2656 | D:4      | Reached skill level 1 in Summonings
  3404 | D:3      | Reached skill level 1 in Throwing
  4320 | D:6      | Learned a level 4 spell: Olgreb's Toxic Radiance
  4395 | D:6      | Found a staircase to the Ecumenical Temple.
  4410 | Temple   | Entered the Ecumenical Temple
  4448 | Temple   | Became a worshipper of Uskayaw the Reveller
  4720 | D:2      | Reached * piety under Uskayaw
  4727 | D:2      | Reached ** piety under Uskayaw
  4729 | D:2      | Reached skill level 5 in Fire Magic
  4970 | D:2      | Found a faded altar of an unknown god.
  5062 | D:2      | Noticed Robin
  5089 | D:2      | Killed Robin
  5090 | D:2      | Reached XP level 8. HP: 61/61 MP: 2/14
  5478 | D:1      | Learned a level 3 spell: Inner Flame
  6280 | D:1      | You fall into a shaft and drop 1 floor!
  6541 | D:7      | Reached *** piety under Uskayaw
  6554 | D:7      | Reached **** piety under Uskayaw
  6598 | D:7      | Noticed Menkaure
  6605 | D:7      | Killed Menkaure
  6663 | D:7      | Learned a level 3 spell: Frozen Ramparts
  6731 | D:7      | Noticed Pikel
  6733 | D:7      | Reached skill level 1 in Invocations
  6757 | D:7      | Reached skill level 1 in Hexes
  6762 | D:7      | Slain by a wight

Illustrated notes

Levels and vault maps discovered:
D:1:      roderic_crop_circles_arrival_small, layout_basic, minmay_misc_feat_x
D:2:      layout_basic, shapermc_ecumenical_altar_mp_urbaneastern,
          grunt_ministairs_1, uniq_robin
D:3:      layout_basic, serial_corexii_hall, corexii_hall_statues_u,
          chequers_hall_statues_y, kennysheep_generic_room_5
D:4:      layout_basic, nicolae_yredelemnul_corpse_copse,
          nicolae_nh_ransacked_shop
D:5:      layout_basic
D:6:      layout_rooms, temple_statues
D:7:      layout_gridville, minmay_misc_feat_ornament, minmay_stone_trees_large,
          uniq_menkaure, uniq_pikel
Temple:   eino_narrow_crystal_temple

Skill      XL: |  1  2  3  4  5  6  7  8 |
---------------+-------------------------+-----
Stealth        | 2 3 |  3.6
Dodging        | 2 3 |  3.0
Conjurations   | 2 3 |  3.0
Spellcasting   | 3 4 |  4.6
Fire Magic     | 4 5 |  5.4
Poison Magic   | 1 2 |  2.7
Air Magic      | 1 2 |  2.2
Evocations     | 1 2 |  2.0
Fighting       | 1 2 |  2.2
Staves         | 1 2 |  2.1
Summonings     | 1 2 |  2.2
Throwing       | 1 |  1.8
Invocations    | 1 |  1.1
Hexes          | 1 |  1.0

Action                     |  1- 3 |  4- 6 |  7- 9 || total
---------------------------+-------+-------+-------++-------
  Melee: Unarmed           |     1 |     1 |       ||     2
         Tailslap          |       |     7 |     6 ||    13
         Staff             |       |    52 |    49 ||   101
         Punch             |       |     1 |     1 ||     2
  Throw: Dart              |       |     2 |     5 ||     7
   Cast: Foxfire           |    18 |     5 |    11 ||    34
         Scorch            |    21 |    35 |    63 ||   119
         Call Imp          |       |     1 |       ||     1
         Olgreb's Toxic Ra |       |       |     1 ||     1
Ability: Breathe Noxious F |       |       |     9 ||     9
  Evoke: Wand              |     2 |     1 |     5 ||     8
    Use: Scroll            |     4 |     4 |     8 ||    16
         Potion            |     1 |     1 |     5 ||     7
   Stab: Sleeping          |       |     1 |     6 ||     7
         Confused          |       |       |     3 ||     3
         Distracted        |       |       |     1 ||     1
         Paralysed         |       |       |     1 ||     1
 Armour: Skin              |    15 |    35 |    56 ||   106
  Dodge: Dodged            |    39 |    61 |    75 ||   175
